 Dungeon Crawl Stone Soup version 0.25-a0-404-gc1b5a34292 (webtiles) character file.

Game seed: 832376981050906058, levelgen mode: deterministic

732 familyguyfunny the Cudgeler (level 7, -2/43 HPs)
             Began as a Gargoyle Fighter on Jan 12, 2020.
             Was a Follower of Okawaru.
             Slain by a wraith (8 damage)
             ... in an ossuary.
             The game lasted 00:06:10 (3966 turns).

familyguyfunny the Cudgeler (Gargoyle Fighter)      Turns: 3966, Time: 00:06:10

Health: -2/43      AC: 15    Str: 22    XL:     7   Next: 73%
Magic:  7/7        EV:  8    Int:  8    God:    Okawaru [*.....]
Gold:   347        SH: 11    Dex:  9    Spells: 6/6 levels left

rFire    . . .     SeeInvis +   a - +1 flail
rCold    . . .     Gourm    .   c - +2 shield
rNeg     + . .     Faith    .   b - +0 scale mail
rPois    ∞         Spirit   .   t - +0 helmet
rElec    +         Reflect  .   (no cloak)
rCorr    .         Harm     .   s - +0 pair of gloves
MR       .....                  u - +0 pair of boots
Stlth    ..........             (no amulet)
HPRegen  0.14/turn              e - ring of see invisible
MPRegen  0.10/turn              n - +1 ring of evasion

@: starving, slowed, very slow
A: negative energy resistance 1, electricity resistance, unbreathing,
petrification resistance, rot immunity, AC +4
a: Heroism, Renounce Religion


You were in an ossuary.
You worshipped Okawaru.
Okawaru was aware of your devotion.
You were starving.

You visited 1 branch of the dungeon, and saw 6 of its levels.
You also visited: Ossuary.

You collected 347 gold pieces.

Inventory:

Hand Weapons
 a - a +1 flail (weapon)
Armour
 b - a +0 scale mail (worn)
 c - a +2 shield (worn)
 s - a +0 pair of gloves (worn)
 t - a +0 helmet (worn)
 u - a +0 pair of boots (worn)
Jewellery
 e - a ring of see invisible (left hand)
 n - a +1 ring of evasion (right hand)
Wands
 p - a wand of iceblast (20)
 y - a wand of polymorph (9)
 B - a wand of paralysis (6)
 D - a wand of digging (6)
Scrolls
 j - 6 scrolls of teleportation
 l - 4 scrolls of remove curse
 o - 2 scrolls of enchant weapon
 q - a scroll of fog {unknown}
 r - 2 scrolls of identify
 v - a scroll of amnesia
 x - a scroll of enchant armour
Potions
 d - 6 potions of might
 g - 3 potions of curing
 h - a potion of degeneration
 i - 2 potions of mutation
 k - 6 potions of heal wounds {unknown}
 m - 4 potions of haste {unknown}
 w - 2 potions of brilliance {unknown}
 z - 2 potions of flight {unknown}
 A - a potion of invisibility {unknown}
 C - a potion of lignification {unknown}
Comestibles
 f - 6 rations


   Skills:
 - Level 4.0 Fighting
 + Level 7.7 Maces & Flails
 - Level 3.7 Armour
 - Level 0.7 Dodging
 - Level 0.1 Stealth
 - Level 3.8 Shields


You had 6 spell levels left.
You didn't know any spells.
Your spell library was empty.

Dungeon Overview and Level Annotations

Branches:
Dungeon (6/15)            Ossuary (1/1)
 Temple: D:4-7

Altars:
Elyvilon
Gozag
Hepliaklqana
Nemelex Xobeh
Okawaru
Ru
Sif Muna
Uskayaw
Xom
Yredelemnul
Zin


Innate Abilities, Weirdness & Mutations

You are resistant to torment.
Your stone body is resilient. (AC +4)
You are immune to poison.
You resist negative energy. (rN+)
You are resistant to electric shocks. (rElec)
You can survive without breathing.
You are immune to petrification.
You are immune to rotting.


Message History

* * * LOW HITPOINT WARNING * * *
The wraith drains your vigour!
You feel as though you will be slow longer.
You sock the wraith!
The wraith is almost destroyed.
The wraith hits you but does no damage. The wraith hits you.
* * * LOW HITPOINT WARNING * * *
You closely miss the wraith.
The wraith is almost destroyed.
The wraith hits you but does no damage. The wraith hits you.
* * * LOW HITPOINT WARNING * * *
The wraith drains your vigour!
You feel as though you will be slow longer.
You barely miss the wraith.
The wraith is almost destroyed.
The wraith hits you but does no damage.
You hit the wraith but do no damage.
The wraith is almost destroyed.
The wraith hits you!
You die...

#################
#.. ..........@.#
#.+ #..###..##W.#
#.# #..#z#..#.#.# #
#.###..###..###.# #
#...............#
###.###.......###.#
..'.#z#.......#z#.#
###.###.......###.#
# #...............#


You could see a wraith and a flying skull.

Vanquished Creatures
  A wight (Ossuary)
  A howler monkey (D:3)
  2 crimson imps
  2 hounds
  3 jellies
  A centaur skeleton (D:4)
  2 orc priests
  An orc wizard (D:5)
  Jessica (D:2)
  An iguana (D:4)
  3 worker ants (D:4)
  4 adders
  3 gnolls (D:3)
  A shadow imp (D:5)
  An adder zombie (Ossuary)
  An adder skeleton (D:5)
  3 worms
  2 dart slugs
  5 leopard geckos
  6 orcs
  3 ball pythons
  2 giant cockroaches
  7 goblins
  6 hobgoblins
  10 jackals
  6 kobolds
  A quokka (D:2)
  2 ball python skeletons (Ossuary)
  8 bats
  8 frilled lizards
  2 hobgoblin skeletons (Ossuary)
  A kobold zombie (Ossuary)
  3 orc skeletons (Ossuary)
  An orc zombie (Ossuary)
  6 rats
110 creatures vanquished.

Notes
Turn   | Place    | Note
-------+----------+-------------------------------------------
     0 | D:1      | familyguyfunny the Gargoyle Fighter began the quest for the
                  | Orb.
     0 | D:1      | Reached XP level 1. HP: 14/14 MP: 1/1
   127 | D:1      | Reached XP level 2. HP: 19/19 MP: 2/2
   508 | D:1      | Reached XP level 3. HP: 23/23 MP: 3/3
   688 | D:2      | Noticed Jessica
   695 | D:2      | Killed Jessica
   695 | D:2      | Reached skill level 3 in Maces & Flails
   778 | D:2      | Reached XP level 4. HP: 22/29 MP: 4/4
  1177 | D:3      | Found an iron altar of Okawaru.
  1252 | D:3      | Reached XP level 5. HP: 33/33 MP: 5/5
  1296 | D:3      | Reached skill level 4 in Maces & Flails
  1735 | D:4      | Found a shimmering blue altar of Sif Muna.
  1778 | D:4      | Reached XP level 6. HP: 38/38 MP: 6/6
  1790 | D:4      | Reached skill level 5 in Maces & Flails
  1895 | D:4      | Found an iron altar of Okawaru.
  2057 | D:4      | Found a white marble altar of Elyvilon.
  2153 | D:4      | Found a hazy altar of Hepliaklqana.
  2304 | D:4      | Reached skill level 6 in Maces & Flails
  2640 | D:2      | Found an opulent altar of Gozag.
  2642 | D:2      | Found a basalt altar of Yredelemnul.
  2642 | D:2      | Found a basalt altar of Yredelemnul.
  2644 | D:2      | Found a sparkling altar of Nemelex Xobeh.
  2644 | D:2      | Found a shimmering altar of Xom.
  2644 | D:2      | Found a glowing silver altar of Zin.
  2821 | D:4      | Became a worshipper of Warmaster Okawaru
  2852 | D:5      | Entered Level 5 of the Dungeon
  2910 | D:5      | Reached XP level 7. HP: 41/43 MP: 7/7
  3005 | D:5      | Noticed a +0 hand axe
  3005 | D:5      | Noticed a +0 dagger
  3040 | D:5      | Found a sparkling altar of Nemelex Xobeh.
  3124 | D:5      | Reached skill level 7 in Maces & Flails
  3170 | D:5      | Found a hide-covered altar of Uskayaw.
  3427 | D:5      | Found a sacrificial altar of Ru.
  3720 | D:6      | Found a sand-covered staircase.
  3758 | Ossuary  | Entered an ossuary
  3807 | Ossuary  | Reached * piety under Okawaru
  3852 | Ossuary  | Noticed a wraith
  3852 | Ossuary  | Noticed a flying skull
  3859 | Ossuary  | Noticed a flying skull
  3893 | Ossuary  | Noticed a flying skull
  3910 | Ossuary  | Noticed a flying skull
  3911 | Ossuary  | Noticed a wraith
  3966 | Ossuary  | Slain by a wraith

Levels and vault maps discovered:
D:1:      roderic_crop_circles_arrival_small, layout_basic, st_stairs_8,
          serial_bayou_pond_c
D:2:      layout_rooms, doesnt_xom_only_xom, chequers_jeans, uniq_jessica
D:3:      layout_rooms, nicolae_overflow_crystal_walls, serial_forest,
          infiniplex_forest_clump_small, infiniplex_forest_lined_2,
          infiniplex_forest_clump_large, infiniplex_forest_corner_1,
          infiniplex_forest_lined_room_2, infiniplex_forest_end_2,
          infiniplex_forest_zigzag_2, infiniplex_forest_clump_C, first_ration
D:4:      layout_basic, lemuel_doored_altar, lemuel_coloured_pillars_altar,
          marbit_many_paths, okawaru_gym_becter
D:5:      layout_rooms, nicolae_ru_the_path_less_chosen, nemelex_altar_shiori,
          dancing_weapons_uskayaw
D:6:      layout_loops_ring, vehumet_statue, enter_ossuary_2
Ossuary:  ossuary_due_cavern

Skill      XL: |  1  2  3  4  5  6  7 |
---------------+----------------------+-----
Maces & Flails | 3 4 6 7 |  7.7
Fighting       | 4 |  4.0
Armour         | |  3.7
Dodging        | |  0.7
Stealth        | |  0.1
Shields        | |  3.8

Action                   |  1- 3 |  4- 6 |  7- 9 || total
-------------------------+-------+-------+-------++-------
Melee: Flail             |   118 |   237 |   179 ||   534
  Use: Scroll            |       |    13 |       ||    13
  Eat: Ration            |       |     1 |     1 ||     2
       Chunk             |       |     2 |       ||     2
Armor: Scale mail        |   101 |   122 |    71 ||   294
Dodge: Dodged            |    57 |    73 |    47 ||   177
Block: Shield            |    92 |   128 |   104 ||   324

Table legend:
 A = Non-vault XP
 B = Vault XP
 C = Vault XP percentage of total XP
 D = Non-vault monster count
 E = Vault monster count
 F = Vault count percentage of total count
                 A         B        C        D         E       F
            +---------+---------+-------+---------+---------+-------
      Total |     936 |     110 |  10.5 |      96 |      14 |  12.7
            +---------+---------+-------+---------+---------+-------
        D:1 |      34 |       2 |   5.6 |      21 |       2 |   8.7
        D:2 |      76 |      37 |  32.7 |      22 |       1 |   4.3
        D:3 |     129 |       0 |   0.0 |      18 |       0 |   0.0
        D:4 |     283 |       0 |   0.0 |      14 |       0 |   0.0
        D:5 |     267 |       0 |   0.0 |      17 |       0 |   0.0
        D:6 |     147 |       0 |   0.0 |       4 |       0 |   0.0
    Ossuary |       0 |      71 | 100.0 |       0 |      11 | 100.0
            +---------+---------+-------+---------+---------+-------
